 Dungeon Crawl Stone Soup version 0.25-a0-1007-g10a8c3caa8 (webtiles) character file.

Game seed: 4074284281503425591, levelgen mode: deterministic

217378 Flugslaktarn the Severer (level 17, -1/168 HPs)
             Began as a Deep Dwarf Fighter on May 11, 2020.
             Was the Champion of Makhleb.
             Succumbed to Flugslaktarn's illusion's poison
             ... on level 4 of the Vaults.
             The game lasted 00:16:42 (19559 turns).

Flugslaktarn the Severer (Deep Dwarf Fighter)      Turns: 19559, Time: 00:16:43

Health: -1/168     AC: 37    Str: 26    XL:     17   Next: 94%
Magic:  17/17      EV: 14    Int:  8    God:    Makhleb [******]
Gold:   1134       SH: 15    Dex: 17    Spells: 16/16 levels left

rFire    . . .     SeeInvis .   c - +6 broad axe (venom)
rCold    . . .     Gourm    .   q - +0 kite shield {reflect}
rNeg     + . .     Faith    .   K - +1 crystal plate armour
rPois    .         Spirit   .   H - +0 helmet
rElec    .         Reflect  +   k - +2 cloak
rCorr    .         Harm     .   E - +1 pair of gloves {Str+3}
MR       ++...                  (no boots)
Stlth    ..........             (no amulet)
HPRegen  0.00/turn              p - +3 ring of protection
MPRegen  0.15/turn              v - +3 ring of evasion

@: lethally poisoned (-1 -> -22), non-regenerating
A: damage resistance, heal wounds, negative energy resistance 1, sense
surroundings 2, no regeneration
}: 2/15 runes: barnacled, gossamer
a: Heal Wounds, Minor Destruction, Lesser Servant of Makhleb, Major Destruction,
Greater Servant of Makhleb, Renounce Religion


You were on level 4 of the Vaults.
You worshipped Makhleb.
Makhleb was exalted by your worship.
You were not hungry.

You visited 6 branches of the dungeon, and saw 34 of its levels.
You also visited: Sewer and Ossuary.

You collected 1614 gold pieces.
You spent 480 gold pieces at shops.

Inventory:

Hand Weapons
 c - a +6 broad axe of venom (weapon)
   (You took it off a vault warden on level 4 of the Vaults)
Missiles
 F - 7 throwing nets (quivered)
Armour
 k - a +2 cloak (worn)
   (You found it on level 8 of the Dungeon)
 q - a +0 kite shield of reflection (worn)
   (You took it off Donald on level 1 of the Vaults)
 E - a +1 pair of gloves of strength (worn)
   (You bought it in a shop on level 8 of the Dungeon)
 H - a +0 helmet (worn)
   (You took it off Robin on level 4 of the Dungeon)
 K - a +1 crystal plate armour (worn)
   (You found it on level 11 of the Dungeon)
Jewellery
 f - an uncursed ring of protection from fire
   (You found it on level 5 of the Lair of Beasts)
 i - an uncursed ring of see invisible
   (You found it on level 6 of the Dungeon)
 m - an uncursed ring of protection from magic
   (You found it on level 6 of the Lair of Beasts)
 p - a +3 ring of protection (left hand)
   (You found it on level 3 of the Spider Nest)
 v - a +3 ring of evasion (right hand)
   (You found it on level 5 of the Lair of Beasts)
Wands
 j - a wand of iceblast (27)
   (You found it on level 4 of the Dungeon)
 o - a wand of clouds (5)
   (You found it on level 8 of the Dungeon)
 I - a wand of digging (8)
   (You found it on level 4 of the Dungeon)
Scrolls
 l - 4 scrolls of magic mapping
 r - 5 scrolls of identify
 t - a scroll of teleportation
 x - 6 scrolls of remove curse
 z - 6 scrolls of blinking
 B - 2 scrolls of fog
 C - 2 scrolls of fear
 L - a scroll of holy word
Potions
 d - 2 potions of might
 g - 6 potions of cancellation
 h - 4 potions of haste
 n - 6 potions of ambrosia
 u - 2 potions of flight
 w - 3 potions of heal wounds
 A - 3 potions of magic
 G - 2 potions of mutation {unknown}
 J - a potion of invisibility {unknown}
 M - a potion of berserk rage {unknown}
 O - 6 potions of lignification
Miscellaneous
 D - a phial of floods
   (You found it on level 3 of the Lair of Beasts)
Comestibles
 a - 2 chunks of flesh
 e - 35 rations


   Skills:
 - Level 14.5 Fighting
 - Level 18.0 Axes
 - Level 16.8 Armour
 + Level 8.8 Dodging
 - Level 15.0 Shields
 - Level 15.0 Invocations


You had 16 spell levels left.
You didn't know any spells.
Your spell library was empty.

Dungeon Overview and Level Annotations

Branches:
Dungeon (15/15)            Temple (1/1) D:4            Lair (6/6) D:9
 Shoals (4/4) Lair:4       Spider (4/4) Lair:3        Slime (0/5) Lair:5
 Vaults (4/5) D:13         Depths (0/5) D:15          Sewer (visited)
Ossuary (visited)
    Orc: D:9-12       Crypt: Vaults:2-3

Altars:
Ashenzari
Cheibriados
Dithmenos
Elyvilon
Fedhas
Kikubaaqudgha
Makhleb
Okawaru
Qazlal
Ru
Sif Muna
Trog
Wu Jian
Xom
Yredelemnul
Zin
The Shining One

Shops:
D:8 }(([(

Annotations:
D:6 2 runed translucent doors, 1 exclusion, Xiguana's ghost, novice OgVM
Lair:5 exclusion: 2 oklob plants
Vaults:4 Mara


Innate Abilities, Weirdness & Mutations

You are resistant to damage.
You can heal yourself by infusing magical energy.
You resist negative energy. (rN+)
You passively map the area around you.
You do not regenerate.


Message History

Mara hits you from afar with a +2 demon trident of freezing!!
* * * LOW HITPOINT WARNING * * *
Mara freezes you.
* * * LOW HITPOINT WARNING * * *
You feel sick. You block the wolf spider's attack.
The wolf spider closely misses you.
* * * LOW HITPOINT WARNING * * *
You feel sick.
You feel much better.
You feel sick. Flugslaktarn's illusion hits you!
* * * LOW HITPOINT WARNING * * *
You are lethally poisoned!
Mara hits you but does no damage. You block Mara's attack.
Your surroundings suddenly seem different.
* * * LOW HITPOINT WARNING * * *
You feel very sick.
* * * LOW HITPOINT WARNING * * *
You feel very sick.
* * * LOW HITPOINT WARNING * * *
You feel very sick.
You die...

, , , ,,, ,, , , ,
, ,, +, * * * * *
, , , + , ,, , * *
, , ,* * * , ,* ,
,,, , + , * # , ,
, *
,#..#############*
* *
#.......@....... ,
, * , ,
#........####### *
,, , ,
,#........#* , * *
,, , #........# ,
, * , #........#
** ** ,*,
#........# , + *
*, #........# *
#........# , , * ,
* * , , + *


There were no monsters in sight!

Vanquished Creatures
  Nikola (Vaults:1)
  Kirke (Lair:4)
  Donald (Vaults:1)
  A frost giant (Vaults:4)
  4 ghost moths
  2 deep elf sorcerers (Vaults:1)
  A fire giant (D:15)
  3 vault wardens
  5 ironheart preservers
  3 emperor scorpions
  2 entropy weavers
  6 very ugly things
  2 deep elf demonologists (Vaults:1)
  2 deep elf annihilators (Vaults:1)
  A spark wasp (Spider:4)
  6 merfolk impalers
  3 merfolk javelineers (Shoals:4)
  A fire dragon (Vaults:1)
  4 yaktaur captains
  A great orb of eyes (Vaults:4)
  A vault guard (Vaults:4)
  7 hydras
  Erica (Lair:2)
  A catoblepas (Lair:5)
  2 ogre magi (Vaults:1)
  9 centaur warriors
  2 death knights (D:15)
  8 two-headed ogres
  A tengu warrior (D:15)
  A merfolk aquamancer (Shoals:4)
  A deep troll earth mage (D:11)
  A deep troll shaman (Vaults:4)
  5 death yaks (Lair:5)
  6 deep elf knights
  3 skeletal warriors
  4 deep trolls (Vaults:4)
  5 sea snakes
  3 deep elf archers
  4 wizards
  A glowing orange brain (Vaults:1)
  An unseen horror (Vaults:1)
  Pikel (D:9)
  A lindwurm (Lair:5)
  3 ironbrand convokers (Vaults:1)
  A wolf spider zombie (D:14)
  5 orc knights
  18 orb spiders
  17 wolf spiders
  6 deep elf magi
  18 ugly things
  An elephant (Lair:5)
  A salamander (shapeshifter) (Vaults:4)
  6 manticores
  A moth of wrath (Spider:4)
  6 fauns (Shoals:2)
  5 cyclopes
  A guardian serpent (shapeshifter) (Vaults:4)
  A guardian serpent (Lair:6)
  2 vault sentinels (Vaults:4)
  A water nymph (Shoals:1)
  10 black mambas
  A torpor snail (Lair:3)
  3 rime drakes
  14 spiny frogs
  3 demonic crawlers
  12 yaktaurs
  3 freezing wraiths
  7 komodo dragons
  A queen bee (Lair:5)
  9 merfolk
  36 jumping spiders
  A polar bear (Lair:4)
  3 trolls
  3 meliai (Lair:5)
  19 blink frogs
  10 hornets
  9 dream sheep
  Grinder (D:4)
  10 hippogriffs
  4 slime creatures (D:15)
  A snapping turtle (Shoals:2)
  Sigmund (D:6)
  5 wraiths
  A shadow (D:15)
  25 yaks
  18 tarantellas
  2 water elementals (Shoals:4)
  48 redbacks
  A spriggan (D:7)
  A tarantella (shapeshifter) (Vaults:1)
  7 wyverns
  Eustachio (D:5)
  A human (shapeshifter) (Vaults:1)
  A basilisk (Lair:5)
  6 hogs (Lair:4)
  4 hungry ghosts
  A basilisk (shapeshifter) (Vaults:1)
  16 humans (D:13)
  Menkaure (D:6)
  Edmund (D:4)
  A soldier ant (shapeshifter) (Vaults:1)
  2 wargs
  2 acid dragons
  A soldier ant (D:12)
  17 water moccasins
  A swamp drake (Lair:6)
  7 porcupines
  2 black bears
  A necrophage (D:14)
  An ice beast (D:15)
  8 orc warriors
  4 phantoms
  A sky beast (shapeshifter) (Vaults:1)
  3 sky beasts
  3 ogres
  7 wolves
  4 boggarts (D:14)
  10 centaurs
  12 crocodiles
  2 elf zombies (Ossuary)
  13 bullfrogs
  A big kobold (D:8)
  25 scorpions
  A water moccasin skeleton (D:4)
  39 killer bees
  A wight (D:11)
  3 howler monkeys
  2 electric eels (Lair:1)
  3 crimson imps
  2 centaur zombies
  4 hounds
  A quasit (D:9)
  A bullfrog skeleton (D:11)
  2 jellies
  4 centaur skeletons
  8 orc priests
  A gnoll shaman (D:6)
  3 iguanas
  12 orc wizards
  12 worker ants
  2 big kobold zombies (Ossuary)
  2 hound zombies
  A hound skeleton (D:4)
  2 mummies (Ossuary)
  3 worker ant zombies
  Robin (D:4)
  5 gnolls (D:6)
  20 adders
  7 river rats (Sewer)
  2 shadow imps (D:7)
  3 adder zombies (Ossuary)
  A dart slug (D:1)
  3 leopard geckos
  48 orcs
  10 giant cockroaches
  14 goblins
  4 hobgoblins
  13 jackals
  26 kobolds
  2 quokkas
  7 ball pythons
  3 bats
  5 frilled lizards
  13 hobgoblin zombies (Ossuary)
  2 jackal zombies (Ossuary)
  8 kobold zombies (Ossuary)
  5 orc zombies (Ossuary)
  21 rats
  A rat zombie (Ossuary)
  7 fungi
  4 plants
985 creatures vanquished.

Vanquished Creatures (collateral kills)
  A spark wasp (Spider:4)
  A wolf spider (Spider:4)
  4 jumping spiders (Spider:4)
  4 redbacks (Spider:4)
10 creatures vanquished.

Vanquished Creatures (others)
  A ghost moth (Spider:4)
  An unseen horror (Vaults:1)
  An ironbrand convoker (Vaults:1)
  A jumping spider (Spider:4)
  A hornet (Vaults:1)
  2 centaurs (Vaults:3)
  3 orcs (Vaults:1)
  A bush (Lair:1)
  8 fungi
  8 plants
27 creatures vanquished.

Grand Total: 1022 creatures vanquished

Notes
Turn   | Place    | Note
-------+----------+-------------------------------------------
     0 | D:1      | Flugslaktarn the Deep Dwarf Fighter began the quest for the
                  | Orb.
     0 | D:1      | Reached XP level 1. HP: 20/20 MP: 1/1
   450 | D:1      | Reached XP level 2. HP: 22/27 MP: 2/2
   965 | D:3      | Reached skill level 3 in Axes
  1006 | D:3      | Reached XP level 3. HP: 25/33 MP: 3/3
  1053 | D:4      | Noticed a scorpion
  1054 | D:4      | Noticed Grinder
  1065 | D:4      | Reached XP level 4. HP: 18/42 MP: 4/4
  1071 | D:4      | Reached skill level 4 in Axes
  1071 | D:4      | Reached XP level 5. HP: 32/49 MP: 4/4
  1087 | D:4      | Killed Grinder
  1087 | D:4      | Reached skill level 5 in Axes
  1087 | D:4      | Reached XP level 6. HP: 22/57 MP: 5/5
  1173 | D:4      | Found a staircase to the Ecumenical Temple.
  1176 | D:4      | Noticed Robin
  1200 | D:4      | Killed Robin
  1208 | Temple   | Entered the Ecumenical Temple
  1387 | Temple   | Became a worshipper of Makhleb the Destroyer
  1493 | D:4      | Found an ancient bone altar of Kikubaaqudgha.
  1502 | D:4      | Noticed Edmund
  1525 | D:4      | Killed Edmund
  1525 | D:4      | Reached skill level 5 in Armour
  1525 | D:4      | Reached skill level 1 in Invocations
  1525 | D:4      | Reached XP level 7. HP: 46/64 MP: 5/5
  1686 | D:4      | Reached skill level 5 in Shields
  1709 | D:4      | Found a glowing drain.
  1720 | Sewer    | Entered a sewer
  1809 | Sewer    | Reached * piety under Makhleb
  1815 | Sewer    | Reached skill level 6 in Axes
  2027 | Sewer    | Reached ** piety under Makhleb
  2305 | D:4      | Found a glowing golden altar of the Shining One.
  2310 | D:4      | Found a shimmering altar of Xom.
  2509 | D:5      | Entered Level 5 of the Dungeon
  2564 | D:5      | Reached XP level 8. HP: 68/73 MP: 6/8
  2590 | D:5      | Found a sand-covered staircase.
  2618 | Ossuary  | Entered an ossuary
  2679 | Ossuary  | Reached *** piety under Makhleb
  2711 | Ossuary  | Reached skill level 7 in Axes
  2846 | D:5      | Noticed Eustachio
  2912 | D:5      | Killed Eustachio
  2912 | D:5      | Reached skill level 5 in Fighting
  3215 | D:5      | Found a basalt altar of Yredelemnul.
  3257 | D:5      | Found an ornate altar of the Wu Jian Council.
  3304 | D:5      | Found a white marble altar of Elyvilon.
  3425 | D:6      | Reached **** piety under Makhleb
  3426 | D:6      | Reached skill level 8 in Axes
  3496 | D:6      | Noticed Menkaure
  3497 | D:6      | Noticed Sigmund
  3505 | D:6      | Killed Menkaure
  3505 | D:6      | Gained mutation: You passively map the area around you.
                  | [Deep Dwarf growth]
  3505 | D:6      | Reached XP level 9. HP: 29/81 MP: 10/10
  3508 | D:6      | Killed Sigmund
  3608 | D:6      | Found a large runed translucent door.
  3664 | D:6      | Reached skill level 5 in Invocations
  3671 | D:6      | Found an iron altar of Okawaru.
  3803 | D:6      | Found a large runed translucent door.
  3890 | D:6      | Noticed Xiguana's ghost (novice OgVM)
  4291 | D:7      | Reached skill level 9 in Axes
  4803 | D:7      | Reached ***** piety under Makhleb
  5466 | D:8      | Reached XP level 10. HP: 80/91 MP: 11/11
  5518 | D:8      | Reached skill level 10 in Axes
  5545 | D:8      | Found Icsuleckaa's Antique Armour Emporium.
  5620 | D:8      | Found Ommik's Antique Weapon Boutique.
  5624 | D:8      | Found Beivexac's Gadget Boutique.
  5673 | D:8      | Found Cocuac's Antique Weapon Shoppe.
  5680 | D:8      | Bought a glowing war axe for 188 gold pieces
  5697 | D:8      | Found a blossoming altar of Fedhas.
  5885 | D:8      | Found Ishryox's Weapon Boutique.
  5893 | D:8      | Bought a +0 broad axe for 52 gold pieces
  6327 | D:9      | Found a staircase to the Lair.
  6336 | D:9      | Reached skill level 11 in Axes
  6455 | D:8      | Bought a pair of runed gloves for 240 gold pieces
  6502 | D:9      | Noticed Pikel
  6507 | D:9      | Killed Pikel
  6849 | D:9      | Reached skill level 12 in Axes
  6975 | Lair:1   | Entered Level 1 of the Lair of Beasts
  7067 | Lair:1   | Noticed a spiny frog
  7078 | Lair:1   | Killed a spiny frog
  7095 | Lair:1   | Reached XP level 11. HP: 88/100 MP: 12/14
  7219 | Lair:1   | Noticed a six-headed hydra
  7235 | Lair:1   | Killed a three-headed hydra
  7235 | Lair:1   | Reached skill level 13 in Axes
  7248 | Lair:1   | Noticed a four-headed hydra
  7257 | Lair:1   | Killed a one-headed hydra
  7543 | Lair:1   | Noticed an eight-headed hydra
  7563 | Lair:1   | Killed a one-headed hydra
  7814 | Lair:2   | Reached skill level 14 in Axes
  7832 | Lair:2   | Noticed a seven-headed hydra
  7842 | Lair:2   | Killed a one-headed hydra
  8093 | Lair:2   | Noticed Erica
  8118 | Lair:2   | Killed Erica
  8147 | Lair:2   | Reached ****** piety under Makhleb
  8387 | Lair:2   | Reached XP level 12. HP: 106/110 MP: 15/15
  8432 | Lair:2   | Reached skill level 15 in Axes
  8692 | Lair:2   | Found the +8 whip "Snakebite" {curare, rPois}
  9015 | Lair:2   | Reached skill level 10 in Invocations
  9075 | Lair:3   | Reached skill level 10 in Shields
  9082 | Lair:3   | Reached skill level 10 in Armour
  9240 | Lair:3   | Reached skill level 16 in Axes
  9651 | Lair:3   | Found a hole to the Spider Nest.
  9981 | Lair:4   | Noticed Kirke
 10100 | Lair:4   | Found a staircase to the Shoals.
 10242 | Lair:4   | Reached XP level 13. HP: 77/120 MP: 17/17
 10411 | Lair:4   | Killed Kirke
 11195 | Lair:5   | Found a staircase to the Slime Pits.
 11565 | Lair:5   | Reached skill level 17 in Axes
 11573 | Lair:5   | You fall into a shaft and drop 1 floor!
 11573 | Lair:6   | Entered Level 6 of the Lair of Beasts
 11999 | Lair:5   | HP: 5/122 [meliai/divine providence (9)]
 12029 | Lair:5   | Gained mutation: You resist negative energy. (rN+) [Deep
                  | Dwarf growth]
 12029 | Lair:5   | Reached XP level 14. HP: 61/130 MP: 17/17
 12618 | D:10     | Entered Level 10 of the Dungeon
 12980 | D:13     | Found a gate to the Vaults.
 12990 | D:13     | Reached skill level 10 in Fighting
 13206 | D:15     | Entered Level 15 of the Dungeon
 13224 | D:15     | Reached skill level 18 in Axes
 13640 | D:15     | Found a staircase to the Depths.
 13640 | D:15     | Noticed a fire giant
 13659 | D:15     | Killed a fire giant
 14413 | D:11     | Found a runed translucent door.
 14416 | D:11     | Identified the cursed +0 flail "Ywnoel" {vorpal, rN+}
 14440 | D:11     | Reached XP level 15. HP: 140/140 MP: 19/19
 14697 | Spider:1 | Entered Level 1 of the Spider Nest
 15090 | Spider:3 | Killed a ghost moth
 15325 | Spider:4 | Entered Level 4 of the Spider Nest
 15839 | Spider:4 | Reached skill level 15 in Invocations
 16223 | Spider:4 | Paralysed by a hornet for 1 turns
 16266 | Spider:4 | Reached XP level 16. HP: 107/152 MP: 10/21
 16513 | Spider:4 | Got a gossamer rune of Zot
 16805 | Shoals:1 | Entered Level 1 of the Shoals
 17096 | Shoals:4 | Entered Level 4 of the Shoals
 17267 | Shoals:4 | Reached skill level 15 in Shields
 17287 | Shoals:4 | Reached skill level 15 in Armour
 17328 | Shoals:4 | Got a barnacled rune of Zot
 17643 | Vaults:1 | Entered Level 1 of the Vaults
 17690 | Vaults:1 | Noticed Donald
 17829 | Vaults:1 | Noticed a Tzitzimitl
 17854 | Vaults:1 | HP: 7/157 [something/shard of ice[an ironheart preserver]
                  | (31)]
 17974 | Vaults:1 | Reached XP level 17. HP: 58/164 MP: 18/18
 18332 | Vaults:1 | Noticed Nikola
 18357 | Vaults:1 | Killed Nikola
 18364 | Vaults:1 | Noticed an Ice Fiend
 18365 | Vaults:1 | Noticed a Hell Sentinel
 18615 | Vaults:1 | Killed Donald
 18803 | Vaults:2 | Reached skill level 1 in Dodging
 19135 | Vaults:4 | Reached skill level 5 in Dodging
 19494 | Vaults:4 | Noticed Mara
 19519 | Vaults:4 | Noticed Flugslaktarn's illusion
 19553 | Vaults:4 | HP: 7/168 [poisoned by Flugslaktarn's illusion]
 19558 | Vaults:4 | HP: 2/168 [poisoned by Flugslaktarn's illusion]
 19559 | Vaults:4 | Succumbed to Flugslaktarn's illusion's poison

Illustrated notes

Levels and vault maps discovered:
D:1:      psy_arrival_wood_between_worlds, layout_loops_corners, minmay_cut_off
D:2:      layout_loops_ring, nemelex_dance_club_becter
D:3:      layout_basic, grunt_temple_overflow_opulence
D:4:      layout_basic, kennysheep_mini, minitemple, minmay_temple_entry_glass,
          gup_sewer_entry_bubbles, first_ration, minivault_14, uniq_edmund,
          uniq_grinder, uniq_robin
D:5:      layout_cave_pools, kennysheep_ying_yang, lemuel_round_altar,
          nicolae_ossuary_entry_plus, uniq_eustachio
D:6:      layout_gridville, ebering_ghost_disaster_area,
          kennysheep_okawaru_gauntlet, uniq_menkaure, uniq_sigmund
D:7:      layout_layer_cave, the_bakery, minmay_manual_mess
D:8:      layout_layer_cave, nicolae_overflow_crystal_walls, serial_shops, shop,
          shop, shop, nicolae_shop_window_shopping, shop_statue
D:9:      layout_basic, grunt_lair_entry_orc_guard_hut, uniq_pikel
D:10:     layout_irregular_city, kennysheep_orc_monster_closet_entryway,
          basic_altar, minmay_alternating_orb
D:11:     layout_roguey, minmay_st_funbox, grunt_ministairs_11
D:12:     layout_irregular_city, uniq_urug
D:13:     layout_basic, david_vaults_3
D:14:     layout_basic, minmay_misc_feat_tiny, fedhas_altar_4, uniq_agnes
D:15:     grunt_enter_depths_giant_problem, layout_loops_ring
Temple:   nicolae_temple_figure_eight
Lair:1:   layout_misc_corridors, serial_bayou_shore_a
Lair:2:   minmay_guarded_unrand_snakebite, layout_concentric_octagons,
          chequers_serial_rivers_large_b, lemuel_fruit_tree, grunt_megastairs_2,
          uniq_erica
Lair:3:   layout_roguey, nicolae_spider_entry_orb_guardian
Lair:4:   layout_hall_layers, minmay_shoals_entry_centaurs, grunt_megastairs_4,
          uniq_kirke
Lair:5:   regret_index_harrowing_hell_hive, layout_gridlike, slime_dummy
Lair:6:   hangedman_lair_tendril_chambers, layout_layer_cave,
          guppyfry_lair_end_dragon
Shoals:1: layout_shoals, nicolae_shoals_so_close
Shoals:2: layout_shoals, nicolae_shoals_arrival_archipelago
Shoals:3: layout_shoals
Shoals:4: shoals_end_simple, layout_shoals, portal_ice_cave_entry_pillars_three,
          nicolae_shoals_mertower
Spider:1: layout_chambers, minmay_another_anthill
Spider:2: spiders_nest_a, hangedman_spider_tarantella_strand
Spider:3: layout_spider_delve
Spider:4: grunt_spider_rune_parallel
Vaults:1: vaults_room_fours, v_misc_12, v_misc_9, dpeg_vaults_monster_box,
          vaults_mumra_hex, ontoclasm_vaults_misaligned, v_misc_17,
          hangedman_vaults_restitches, nicolae_vaults_little_squares_3,
          st_cross, nicolae_vaults_asterisk, ontoclasm_vaults_decontamination,
          vaults_dpeg_cross, layout_vaults_omnicross, uniq_nikola, uniq_donald
Vaults:2: hangedman_vaults_cutoff, v_pattern_2, ontoclasm_vaults_tryst,
          hangedman_vaults_corner, nicolae_vaults_c_with_doors,
          hangedman_vaults_nails, hangedman_vaults_locks,
          ontoclasm_vaults_ring_small, vaults_room_door_ring,
          nicolae_vaults_yaktaur_gun_rack, nicolae_vaults_rhombus_6,
          layout_vaults_ring, trove_entry_hex_spiral
Vaults:3: v_alt_pattern_3, nicolae_vaults_angled_halls,
          hangedman_vaults_hard_town_square, minmay_crypt_entry_simple_sparse,
          v_misc_27, layout_vaults_omnigrid, uniq_saint_roka
Vaults:4: nicolae_vaults_little_ls, vaults_room_door_hall, v_rooms_1,
          hangedman_vaults_maws, v_misc_12, vaults_room_fancy_cross,
          nicolae_vaults_angled_halls, hangedman_vaults_stagger, v_misc_28,
          layout_vaults_chaotic_city, uniq_mara

Skill      XL: |  1  2  3  4  5  6  7  8  9 10 11 12 13 14 15 16 17 |
---------------+----------------------------------------------------+-----
Axes           | 3 4 5 6 8 9 12 14 16 17 18 | 18.0
Fighting       | 3 4 5 6 7 8 9 10 12 13 14 | 14.5
Armour         | 4 5 6 7 8 9 10 11 12 14 15 16 | 16.8
Shields        | 4 5 6 7 8 9 10 11 12 14 15 | 15.0
Invocations    | 1 2 4 6 8 9 11 12 13 15 | 15.0
Dodging        | 8 |  8.8

Action                   |  1- 3 |  4- 6 |  7- 9 | 10-12 | 13-15 | 16-18 || total
-------------------------+-------+-------+-------+-------+-------+-------++-------
Melee: War axe           |    16 |    22 |   659 |   715 |  1390 |   834 ||  3636
       Hand axe          |    67 |    48 |       |    78 |    29 |       ||   222
       Broad axe         |       |       |       |       |       |   191 ||   191
Invok: Greater Servant o |       |       |       |       |     1 |       ||     1
 Abil: Heal Wounds       |       |     4 |     7 |     8 |    11 |    24 ||    54
Evoke: Wand              |       |       |       |       |     1 |       ||     1
  Use: Potion            |       |     1 |       |       |     9 |    16 ||    26
       Scroll            |       |       |    15 |     7 |     5 |     9 ||    36
 Stab: Confused          |       |       |       |       |     2 |       ||     2
       Petrified         |       |       |       |       |     2 |       ||     2
       Distracted        |       |       |       |       |     1 |       ||     1
       Held in net/web   |       |       |       |       |       |     3 ||     3
  Eat: Chunk             |     1 |     1 |    15 |    20 |    13 |     7 ||    57
       Ration            |       |       |     4 |       |     2 |     2 ||     8
Armor: Chain mail        |    54 |    39 |   380 |   334 |   392 |       ||  1199
       Scale mail        |     1 |       |       |       |       |       ||     1
       Crystal plate arm |       |       |       |       |   524 |   785 ||  1309
Dodge: Dodged            |    15 |    14 |   144 |   156 |   498 |   301 ||  1128
Block: Kite shield       |    44 |    45 |   369 |   408 |  1119 |   656 ||  2641
       Reflection        |       |       |       |       |       |    14 ||    14

Table legend:
 A = Non-vault XP
 B = Vault XP
 C = Vault XP percentage of total XP
 D = Non-vault monster count
 E = Vault monster count
 F = Vault count percentage of total count
                 A         B        C        D         E       F
            +---------+---------+-------+---------+---------+-------
      Total |  178120 |  107826 |  37.7 |     603 |     387 |  39.1
            +---------+---------+-------+---------+---------+-------
        D:1 |      27 |       7 |  20.6 |      16 |       4 |  20.0
        D:2 |       3 |       0 |   0.0 |       3 |       0 |   0.0
        D:3 |       8 |       0 |   0.0 |       4 |       0 |   0.0
        D:4 |     451 |     492 |  52.2 |      21 |      21 |  50.0
        D:5 |     794 |     197 |  19.9 |      27 |       1 |   3.6
        D:6 |     452 |     293 |  39.3 |      14 |       2 |  12.5
        D:7 |    1491 |     373 |  20.0 |      32 |       4 |  11.1
        D:8 |    1340 |       0 |   0.0 |      26 |       0 |   0.0
        D:9 |    1691 |    1288 |  43.2 |      34 |       5 |  12.8
       D:10 |     183 |       0 |   0.0 |       5 |       0 |   0.0
       D:11 |    1166 |    4916 |  80.8 |       7 |      11 |  61.1
       D:12 |    2282 |       0 |   0.0 |      19 |       0 |   0.0
       D:13 |    2023 |    6013 |  74.8 |       3 |      20 |  87.0
       D:14 |    2916 |       0 |   0.0 |      13 |       0 |   0.0
       D:15 |   16947 |    1731 |   9.3 |      50 |       1 |   2.0
     Lair:1 |    7783 |       0 |   0.0 |      29 |       0 |   0.0
     Lair:2 |    5159 |    3530 |  40.6 |      22 |      13 |  37.1
     Lair:3 |    7669 |     586 |   7.1 |      31 |       1 |   3.1
     Lair:4 |    3480 |    3775 |  52.0 |      17 |      10 |  37.0
     Lair:5 |    6301 |    9219 |  59.4 |      13 |      53 |  80.3
     Lair:6 |    3295 |    6723 |  67.1 |      10 |      22 |  68.8
   Shoals:1 |    1158 |       0 |   0.0 |       2 |       0 |   0.0
   Shoals:2 |    4823 |       0 |   0.0 |      11 |       0 |   0.0
   Shoals:3 |    3524 |       0 |   0.0 |       5 |       0 |   0.0
   Shoals:4 |    4799 |    8948 |  65.1 |       8 |      12 |  60.0
   Spider:2 |   14116 |    1473 |   9.4 |      38 |      19 |  33.3
   Spider:3 |    7779 |       0 |   0.0 |      19 |       0 |   0.0
   Spider:4 |   19233 |   22157 |  53.5 |      45 |      59 |  56.7
   Vaults:1 |   35360 |   24606 |  41.0 |      48 |      29 |  37.7
   Vaults:2 |       0 |    1127 | 100.0 |       0 |       1 | 100.0
   Vaults:3 |    1131 |       0 |   0.0 |       3 |       0 |   0.0
   Vaults:4 |   20736 |    9836 |  32.2 |      28 |      12 |  30.0
      Sewer |       0 |     167 | 100.0 |       0 |      48 | 100.0
    Ossuary |       0 |     369 | 100.0 |       0 |      39 | 100.0
            +---------+---------+-------+---------+---------+-------
